 Dungeon Crawl Stone Soup version 0.28.0-62-gf88900778d (webtiles) character file.

Game seed: 16328663381186406878

3225 cbfl8 the Cleaver (level 9, -1/117 HPs)
             Began as a Hill Orc Fighter on May 30, 2023.
             Was a Believer of Beogh.
             Slain by Erica
             ... wielding a +3 scimitar of flaming
              (7 damage)
             ... on level 8 of the Dungeon on May 31, 2023.
             The game lasted 00:14:51 (10263 turns).

cbfl8 the Cleaver (Hill Orc Fighter)               Turns: 10263, Time: 00:14:51

Health: -1/117     AC: 24    Str: 21    XL:     9   Next: 98%
Magic:  9/9        EV:  2    Int:  8    God:    Beogh [**....]
Gold:   393        SH:  7    Dex: 12    Spells: 8/8 levels left

rFire   . . .      SeeInvis +   a - +0 war axe
rCold   . . .      Faith    +   h - +2 buckler
rNeg    . . .      Spirit   .   (armour currently unavailable)
rPois   +          Reflect  .   (helmet currently unavailable)
rElec   .          Harm     .   (cloak currently unavailable)
rCorr   .          Rampage  .   (gloves currently unavailable)
Will    .....      NoTele   +   (boots currently unavailable)
Stlth   +.........              w - amulet of faith
HPRegen 0.29/turn               c - ring of see invisible
MPRegen 0.11/turn               (no ring)

@: mighty, tree-form, on berserk cooldown, slowed, very slow
A: stationary, stasis, torment immunity, boosted hp
a: Renounce Religion, Smiting


You were on level 8 of the Dungeon.
You worshipped Beogh.
Beogh was pleased with you.
You were a tree.
You visited 1 branch of the dungeon, and saw 8 of its levels.

You collected 393 gold pieces.

Inventory:

Hand Weapons
 a - a +0 war axe (weapon)
 d - a +1 vorpal spear
 k - the +10 dagger "Meuzowk" {antimagic, rN+}
   (You found it on level 5 of the Dungeon)

   It reduces the magical energy of the wielder, and disrupts the spells and
   magical abilities of those it strikes.
   Natural abilities and divine invocations are not affected.
   rN:        It protects you from negative energy.
Missiles
 n - 2 throwing nets
Armour
 b - +0 ice dragon scales (melded)
 h - a +2 buckler (worn)
 j - a +0 pair of gloves (melded)
Jewellery
 c - a ring of see invisible (left branch)
 w - an amulet of faith (around neck)
Wands
 f - a wand of digging (5)
 p - a wand of flame (27)
 s - a wand of iceblast (4)
 u - a wand of polymorph (25) (quivered)
Scrolls
 e - 2 scrolls of noise
 g - 5 scrolls of immolation
 i - a scroll of enchant armour
 l - a scroll of fog
 m - 2 scrolls of enchant weapon
 r - 2 scrolls of teleportation {unknown}
 t - 2 scrolls of magic mapping
 y - a scroll of holy word {unknown}
 A - a scroll of amnesia {unknown}
Potions
 v - a potion of mutation {unknown}


   Skills:
 + Level 6.7 Fighting
 + Level 11.4 Axes
 + Level 6.8 Armour
 + Level 2.1 Dodging
 + Level 0.5 Stealth
 + Level 5.2 Shields
 + Level 0.8 Unarmed Combat
 * Level 5.8 Evocations


You had 8 spell levels left.
You didn't know any spells.
Your spell library contained the following spells:

 Spells                   Type           Power      Damage    Failure   Level
 Blink                    Tloc           0%         N/A       63%         2
 Scorch                   Fire           0%         2d5       63%         2
 Static Discharge         Conj/Air       0%         N/A       63%         2
 Frozen Ramparts          Ice            0%         1d2       86%         3
 Gell's Gravitas          Tloc           0%         N/A       86%         3
 Lesser Beckoning         Tloc           0%         N/A       86%         3
 Teleport Other           Tloc           0%         N/A       86%         3
 Flame Wave               Conj/Fire      0%         2d4       99%         4
 Ice Form                 Ice/Tmut       0%         N/A       99%         4
 Summon Ice Beast         Ice/Summ       0%         N/A       99%         4
 Lightning Bolt           Conj/Air       0%         1d11      100%        5
 Manifold Assault         Tloc           0%         N/A       100%        5
 Summon Cactus Giant      Summ           0%         N/A       100%        6
 Maxwell's Capacitive Co  Air            0%         ∞         100%        8


Dungeon Overview and Level Annotations

Branches:
Dungeon (8/15)             Temple (0/1) D:6
   Lair: D:8-11

Altars:
Dithmenos
Gozag
Trog
Vehumet
Wu Jian
Yredelemnul
Zin
The Shining One

Annotations:
D:4 2 transporters, Edmund; cbfl8's ghost, amateur HOFi
D:5 1 runed translucent door, Crazy Yiuf
D:6 3 runed translucent doors, sargonster's ghost, novice HOBe
D:8 Erica


Message History

Erica casts a spell at you. The bolt of poison hits you.
You are lethally poisoned!
* * * LOW HITPOINT WARNING * * *
You are too confused!
You feel better. Erica gestures at you while chanting.
You are confused.
You feel better.
Erica points at you and mumbles some strange words.
The lance of force misses you.
Blink to where?
Press: ? - help, Dir - move target
As you read the scroll of blinking, it crumbles to dust.
Okay, then.
Okay, then.
Aiming: Polymorph
Press: ? - help, Q - select action, (/) - cycle Shift-Dir - straight line, f - Erica
Aim: Erica, wielding a +3 scimitar of flaming and wearing a +2 robe (translocational energy, slightly transparent, will become a swamp worm, an elephant, or a water nymph, chance to affect: 28%)
Okay, then.
Erica screams, "You'll never get it!"
Erica gestures at you while chanting. The lance of force misses you.
Erica hits you with a +3 scimitar of flaming.
Erica burns you.
* * * LOW HITPOINT WARNING * * *
Erica points at you and mumbles some strange words.
The lance of force hits you.
* * * LOW HITPOINT WARNING * * *
You are knocked back by the lance of force.
You slam into the rock wall!
* * * LOW HITPOINT WARNING * * *
Things that are here:
a +0 falchion; a +0 scale mail; an orc skeleton It was a potion of lignification.
You turn into a tree.
Your +0 pair of gloves melds into your body.
Your +0 ice dragon scales melds into your body.
Your roots penetrate the ground.
Erica hits you with a +3 scimitar of flaming!
You die...

..######..[......###...P.P...####
...................'.........'...
...##########...####.........####
.#.# #..## ##.......## # ##.#
#..# #.......# # #.# ##.#
#.#...#.# # #.# #.# #.##'##.# #
#.# #.######.##.##.# # #.#
#.@♣).).....##.## #.#
#######.........# #.# #..#...#..#
##.# #.........### ...#
#...(.......# #### #.###.###...##
#.# #......... #># #####.#### #.#
#.#


You could see Erica.

Vanquished Creatures
  Pikel (D:5)
  A shadow (D:8)
  A wyvern (D:7)
  A water moccasin (D:6)
  3 ice beasts
  2 necrophages
  2 ogres
  A centaur (D:8)
  3 lemures (D:5)
  A kobold brigand (D:6)
  Blork the orc (D:5)
  A bullfrog (D:7)
  A wyvern zombie (D:7)
  2 scorpions
  A water moccasin zombie (D:5)
  2 killer bees
  5 wights (D:6)
  3 centaur zombies
  7 hounds
  A jelly (D:5)
  4 orc priests
  A centaur skeleton (D:5)
  A gnoll shaman (D:7)
  An iguana (D:4)
  4 orc wizards
  A howler monkey zombie (D:6)
  9 adders
  10 gnolls
  A white imp (D:7)
  An adder skeleton (D:4)
  2 worms
  5 dart slugs
  15 orcs
  5 endoplasms
  2 giant cockroaches (D:1)
  10 goblins
  8 hobgoblins
  2 jackals (D:4)
  A quokka (D:3)
  6 ball pythons
  5 bats
  7 frilled lizards
  11 kobolds
  8 rats
160 creatures vanquished.

Vanquished Creatures (others)
  2 withered plants (D:8)
2 creatures vanquished.

Grand Total: 162 creatures vanquished

Notes
Turn   | Place    | Note
-------+----------+-------------------------------------------
     0 | D:1      | cbfl8 the Hill Orc Fighter began the quest for the Orb.
     0 | D:1      | Reached XP level 1. HP: 19/19 MP: 1/1
   254 | D:1      | Reached XP level 2. HP: 27/27 MP: 2/2
   359 | D:1      | Reached skill level 3 in Axes
   754 | D:2      | Reached XP level 3. HP: 32/33 MP: 3/3
   761 | D:2      | Reached skill level 1 in Evocations
  1280 | D:2      | Reached skill level 4 in Axes
  1280 | D:2      | Reached XP level 4. HP: 26/40 MP: 4/4
  1497 | D:3      | Found a shadowy altar of Dithmenos.
  2196 | D:3      | Found an opulent altar of Gozag.
  2272 | D:3      | Reached XP level 5. HP: 38/46 MP: 5/5
  2461 | D:3      | Reached skill level 5 in Axes
  2601 | D:3      | Found a glowing silver altar of Zin.
  2707 | D:4      | Reached XP level 6. HP: 30/53 MP: 6/6
  2710 | D:4      | Reached skill level 6 in Axes
  2804 | D:4      | Noticed Edmund
  3086 | D:4      | Noticed cbfl8's ghost (amateur HOFi)
  3092 | D:4      | Found a transporter.
  3233 | D:4      | Found a transporter.
  4141 | D:5      | Entered Level 5 of the Dungeon
  4404 | D:5      | Noticed an ice beast
  4416 | D:5      | Killed an ice beast
  4417 | D:5      | Reached XP level 7. HP: 40/57 MP: 7/7
  4506 | D:5      | Noticed Blork the orc
  4926 | D:5      | Reached skill level 7 in Axes
  4992 | D:5      | Reached skill level 5 in Fighting
  5455 | D:5      | Reached skill level 5 in Armour
  5713 | D:5      | Identified the +10 dagger "Meuzowk" {antimagic, rN+}
  5725 | D:5      | Found a runed translucent door.
  5726 | D:5      | Noticed Crazy Yiuf
  5831 | D:5      | Killed Blork the orc
  5832 | D:5      | Reached XP level 8. HP: 42/68 MP: 8/8
  6021 | D:5      | Noticed Pikel
  6032 | D:5      | Killed Pikel
  6033 | D:5      | Reached skill level 8 in Axes
  6033 | D:5      | Reached skill level 1 in Dodging
  6217 | D:5      | Found a glowing golden altar of the Shining One.
  6302 | D:5      | Found an ornate altar of the Wu Jian Council.
  6304 | D:5      | Became a worshipper of Beogh the Brigand
  6324 | D:5      | Reached skill level 9 in Axes
  6473 | D:6      | Found a radiant altar of Vehumet.
  6540 | D:6      | Found a runed translucent gate.
  6540 | D:6      | Found a runed translucent gate.
  6540 | D:6      | Found a runed translucent gate.
  6544 | D:6      | Noticed sargonster's ghost (novice HOBe)
  6611 | D:6      | Reached XP level 9. HP: 75/75 MP: 9/9
  6670 | D:6      | Reached skill level 10 in Axes
  7067 | D:6      | Found a staircase to the Ecumenical Temple.
  7115 | D:6      | Reached skill level 5 in Evocations
  7941 | D:7      | Reached * piety under Beogh
  8274 | D:7      | Found a bloodstained altar of Trog.
  8467 | D:7      | Reached skill level 11 in Axes
  8467 | D:7      | Reached skill level 5 in Shields
  9948 | D:8      | Found a basalt altar of Yredelemnul.
  9979 | D:8      | Reached ** piety under Beogh
 10227 | D:8      | Noticed Erica
 10263 | D:8      | Slain by Erica

Illustrated notes

Levels and vault maps discovered:
D:1:      dpeg_arrival_tiny_g, layout_rooms, minmay_shallow_snake_nest
D:2:      kennysheep_the_goblin_king, layout_basic, minmay_pentomino_pile
D:3:      layout_loops_ring, grunt_gozag_statues, zin_scriptorium,
          grunt_dithmenos_smoke_and_mirrors, minmay_misc_feat_pillars
D:4:      layout_loops_cross, gammafunk_ghost_stat_death, uniq_edmund
D:5:      layout_cave_pools, nicolae_wu_jian_immortal_techniques,
          general_overflow_altar, uniq_pikel, uniq_crazy_yiuf_cottage,
          uniq_blork_the_orc
D:6:      layout_cave_pools, vehumet_altar_wand_db, temple_fountains,
          ebering_ghost_rock_garden
D:7:      layout_cave_pods, trog_three_pillars_becter,
          nicolae_elevator_lobby_plus
D:8:      layout_loops_corners, yredelemnul_altar_generic,
          makhleb_blood_cavern_becter, uniq_erica

Skill      XL: |  1  2  3  4  5  6  7  8  9 |
---------------+----------------------------+-----
Axes           | 3 4 5 6 7 9 11 | 11.4
Evocations     | 1 2 3 4 5 |  5.8
Fighting       | 4 5 6 |  6.7
Armour         | 4 5 6 |  6.8
Shields        | 4 5 |  5.2
Dodging        | 1 2 |  2.1
Stealth        | |  0.5
Unarmed Combat | |  0.8

Action                   |  1- 3 |  4- 6 |  7- 9 || total
-------------------------+-------+-------+-------++-------
Melee: War axe           |    85 |   140 |   289 ||   514
       Unarmed           |       |       |    12 ||    12
Invok: Convert to Beogh  |       |       |     1 ||     1
Evoke: Wand              |       |     2 |     2 ||     4
  Use: Scroll            |       |     7 |     6 ||    13
       Potion            |       |     4 |    10 ||    14
Armor: Chain mail        |    59 |    15 |       ||    74
       Scale mail        |     1 |       |       ||     1
       Ice dragon scales |       |    74 |   157 ||   231
       Skin              |       |       |     4 ||     4
Dodge: Dodged            |    26 |    64 |   166 ||   256
Block: Buckler           |    22 |    27 |   129 ||   178
